 Dungeon Crawl Stone Soup version 0.31-a0-774-g0d66cbabe8 (webtiles) character file.

Game seed: 15616794749045643760

2 cforsyth the Sneak (level 1, -2/20 HPs)
             Began as a Djinni Delver on Sept 17, 2023.
             Slain by a wight
             ... wielding a +4 hand axe
              (11 damage)
             ... on level 6 of the Dungeon.
             The game lasted 00:00:29 (240 turns).

cforsyth the Sneak (Djinni Delver)                   Turns: 240, Time: 00:00:29

Health: -2/20      AC:  3    Str: 11    XL:     1   Next: 44%
Gold:   0          EV: 12    Int: 11    God:
                   SH:  0    Dex: 14

rFire   + + .        a - +0 falchion
rCold   x . .        (no shield)
rNeg    . . .        b - +0 leather armour
rPois   ∞            (no helmet)
rElec   .            (no cloak)
rCorr   .            (no gloves)
SInv    .            (boots unavailable)
Will    .....        (no amulet)
Stlth   ++           (no ring)
HPRegen 0.23/turn    (no ring)
MPRegen 0.00/turn

%: infuse magic (-3 HP)
@: flying
A: sickness immunity, fire resistance 2, cold vulnerability 1, float, innate
caster, HP casting, extra vitality 1
a: no special abilities


You were on level 6 of the Dungeon.
You visited 1 branch of the dungeon, and saw 2 of its levels.

Inventory:

Hand Weapons
 a - a +0 falchion (weapon)
Armour
 b - a +0 leather armour (worn)
Wands
 g - a wand of digging (3)
Scrolls
 c - a scroll of fog
 d - a scroll of revelation
 e - a scroll of fear
 h - a scroll of identify {unknown}
Potions
 f - a potion of haste


   Skills:
 + Level 3.0 Fighting
 - Level 1.7 Long Blades
 - Level 2.1 Dodging
 - Level 4.1 Stealth
 + Level 0.1 Spellcasting
 + Level 0.1 Conjurations
 + Level 0.1 Hexes
   Level 0.0 Charms
 + Level 0.1 Summonings
 + Level 0.1 Necromancy
 + Level 0.1 Translocations
 + Level 0.1 Transmutations
 + Level 0.1 Fire Magic
 + Level 0.1 Ice Magic
 + Level 0.1 Air Magic
 + Level 0.1 Earth Magic
 + Level 0.1 Poison Magic You didn't know any spells. Your spell library was empty.

Dungeon Overview and Level Annotations

Branches:
Dungeon (6/15)
 Temple: D:4-7

Altars:


Innate Abilities, Weirdness & Mutations

You are immune to sickness and miasma.
You are immune to poison.
Your flesh is very heat resistant. (rF++)
You are vulnerable to cold. (rC-)
You float through the air rather than walking.
You learn spells naturally, not from books.
Your magical power is your life essence.
You have superior vitality. (+4 MHP)


Message History

You are too injured to fight recklessly!
You barely miss the jackal.
The jackal is heavily wounded.
The jackal barely misses you. The jackal closely misses you.
The jackal barely misses you.
The jackal bites you but does no damage.
You slash the jackal!
You kill the jackal!
The jackal bites you. x2
* * * LOW HITPOINT WARNING * * *
The jackal attacks as it pursues you! The jackal bites you.
* * * LOW HITPOINT WARNING * * *
You hit the jackal.
The jackal is heavily wounded.
The jackal closely misses you. x2
You barely miss the jackal.
The jackal is moderately wounded.
The jackal barely misses you. The jackal bites you.
* * * LOW HITPOINT WARNING * * *
You hit the jackal.
You kill the jackal!
There is a stone staircase leading up here.
You start resting.
HP restored.
You start waiting.
An orc wizard comes into view. It is wielding a +0 dagger.
An orc wizard is nearby!
Found a stone staircase leading down.
A scorpion comes into view.
A jelly comes into view.
A wight comes into view. It is wielding a +4 hand axe.
The wight hits you with a +4 hand axe.
You hit the wight but do no damage. The wight closely misses you.
You barely miss the wight. The wight hits you with a +4 hand axe!
Ouch! That really hurt!
You closely miss the wight. The wight misses you.
You hit the wight but do no damage. The wight closely misses you.
The wight hits you with a +4 hand axe!
Ouch! That really hurt!
You die...

# #. #.# # #.##.##.#
# #.##.##.# #
##.##.##.## #
#.........# #
######.#........##.#
......###.#.##...#.#
######.#.##.#.#.#.#
# ##.###.....@## #
### ###.#.#z#
##...#.# ##.##...
#.# #### #.########
#.......sJ
##########


You could see a wight.

Vanquished Creatures
  2 jackals (D:6)
2 creatures vanquished.

Notes
Turn   | Place    | Note
-------+----------+-------------------------------------------
     0 | D:5      | cforsyth the Djinni Delver began the quest for the Orb.
     0 | D:5      | Reached XP level 1. HP: 20/20 MP: 0/0
    18 | D:5      | Noticed a black bear
    19 | D:5      | Noticed a sleepcap
   184 | D:6      | Noticed an orc wizard
   229 | D:6      | Noticed a scorpion
   230 | D:6      | Noticed a jelly
   235 | D:6      | Noticed a wight
   240 | D:6      | Slain by a wight

Illustrated notes

Levels and vault maps discovered:
D:5:      layout_basic, uniq_duvessa
D:6:      layout_loops_ring, minmay_temple_entry_junction, serial_shops,
          nicolae_shop_scrapyard, grunt_decor_junction, minmay_misc_feat_chi,
          minmay_small_thing

Action                     || total
---------------------------++-------
  Melee: Falchion          ||    17
 Armour: Leather armour    ||    28
  Dodge: Dodged            ||    30

Table legend: (Time is in decaauts)
 A = Elapsed time spent in this place.
 B = Non-inter-level travel time spent in this place.
 C = Inter-level travel time spent in this place.
 D = Time resting spent in this place.
 E = Time spent auto-exploring this place.
 F = Levels seen in this place.
 G = Mean time per level.
                   A        B        C        D        E       F      G
               +--------+--------+--------+--------+--------+-----+--------+
         Total |    243 |    243 |      0 |    136 |     16 |   2 |  121.5 |
       Dungeon |    243 |    243 |      0 |    136 |     16 |   2 |  121.5 |
               +--------+--------+--------+--------+--------+-----+--------+

Top non-repeatable levels by time:
     D:6: 203 daAuts
     D:5: 39 daAuts
